 Dungeon Sprint DCSS version 0.17.0-24-gcfadda4 (webtiles) character file.

8617 George the Brawler (level 11, -12/127 HPs)
             Began as a Troll Berserker on Nov 15, 2015.
             Was the Champion of Trog.
             Mangled by an orc knight
             ... wielding a +0 dire flail
              (13 damage)
             ... in the Dungeon (Sprint IX: "|||||||||||||||||||||||||||||").
             The game lasted 00:06:26 (1339 turns).

George the Brawler (Troll Berserker)                Turns: 1339, Time: 00:06:26

Health: -12/127    AC:  9    Str: 30    XL:     11   Next: 12%
Magic:  10/10      EV: 14    Int:  3    God:    Trog [******]
Gold:   658        SH:  0    Dex:  9    Spells: 0 memorised, 10 levels left

rFire  + . .     SeeInvis .       - Unarmed
rCold  . . .     Clarity  .     a - +0 animal skin
rNeg   . . .     SustAt   .     (no shield)
rPois  .         Gourm    +     (helmet restricted)
rElec  .         Spirit   .     w - +1 cloak
rCorr  .         Warding  .     (gloves unavailable)
rMut   .         NoTele   +     (boots unavailable)
MR     ++...                    (no amulet)
Stlth  +.........               r - ring of protection from fire
                                m - +2 ring of protection

@: exhausted, regenerating, slowed, very slow, very resistant to hostile
enchantments, very unstealthy
A: unfitting armour, claws 3, fast metabolism 3, gourmand, regeneration 2,
shaggy fur 1, tough skin 2
a: Berserk, Trog's Hand, Brothers in Arms, Burn Spellbooks, Renounce Religion


You were in the Dungeon.
You worshipped Trog.
Trog was exalted by your worship.
You were very full.

You visited 1 branch You collected 658 gold pieces.

Inventory:

Hand Weapons
 l - the +1 eveningstar "Brilliance" {holy, rN+ AC+5 Int+5}
   (You found it in the Dungeon)

   It has been blessed by the Shining One to cause great damage to the undead
   and demons.
   It affects your AC (+5).
   It affects your intelligence (+5).
   It protects you from negative energy.
 y - the +5 giant club of War {crush, rC++ rN+}
   (Trog gifted it to you in the Dungeon)

   It inflicts extra damage upon your enemies.
   It greatly protects you from cold.
   It protects you from negative energy.
Armour
 a - a +0 animal skin (worn)
 w - a +1 cloak (worn)
Jewellery
 m - a +2 ring of protection (left claw)
 r - a ring of protection from fire (right claw)
Wands
 k - a wand of draining (6)
Scrolls
 h - 2 scrolls of blinking
 j - 6 scrolls of remove curse
 s - 2 scrolls of enchant armour
 t - a scroll of recharging
 u - a scroll of fear
Potions
 c - 9 potions of curing
 d - 5 potions of heal wounds
 e - a potion of haste
 f - 4 potions of magic
 g - a potion of berserk rage
 i - a potion of invisibility
 p - a potion of brilliance
 q - a potion of might
Comestibles
 b - 14 bread rations
 o - 12 meat rations
 x - 40 fruits


   Skills:
 + Level 13.3 Fighting
 + Level 13.3 Dodging
 + Level 15.4 Unarmed Combat


You had 10 spell levels left.
You didn't know any spells.

Dungeon Overview and Level Annotations

Branches:
Dungeon (1/1)

Altars:
Cheibriados
Dithmenos
Elyvilon
Fedhas
Gozag
Kikubaaqudgha
Makhleb
Nemelex Xobeh
Okawaru
Qazlal
Ru
Sif Muna
Trog
Vehumet
Xom
Yredelemnul
Zin
The Shining One
Beogh
Jiyva
Lugonu


Innate Abilities, Weirdness & Mutations

You are too large for most types of armour.
You have claws for hands.
Your metabolism is lightning-fast.
You like to eat raw meat.
You heal very quickly.
You are covered in fur (AC +1).
You have very tough skin (AC +2).


Message History

The orc knight is moderately wounded.
The orc knight closely misses you.
You scratch the orc knight but do no damage.
The orc knight is moderately wounded.
The orc warrior hits you from afar with a halberd.
* * * LOW HITPOINT WARNING * * *
The orc knight closely misses you.
You mangle the orc knight!!
The orc knight is severely wounded.
The orc warrior hits you from afar with a halberd!!
* * * LOW HITPOINT WARNING * * *
The orc knight hits you with a dire flail.
* * * LOW HITPOINT WARNING * * *
Your skin crawls.
You feel resistant to hostile enchantments.
You feel slightly less full.
The orc warrior hits you from afar with a halberd!
* * * LOW HITPOINT WARNING * * *
The orc knight hits you with a dire flail!
You die...

▓?▓.▓†▓.▓
▓.▓.▓.▓.▓+▓
▓'▓.▓)▓.▓.▓
▓_▓.▓.▓.▓.▓
▓_▓.▓.▓.▓.▓
▓_▓.▓.▓.▓.▓
▓_▓.▓.▓.▓o▓
▓_▓.▓.▓.▓o▓
▓_▓.▓.▓.▓@▓
▓_▓.▓†▓.▓)▓
▓_▓.▓)▓.▓)▓
▓_▓.▓.▓.▓)▓
▓_▓.▓.▓.▓)▓
▓_▓.▓.▓.▓)▓
▓_▓.▓.▓.▓(▓
▓_▓.▓.▓.▓)▓
▓_▓.▓.▓.▓.▓


You could see an orc knight and an orc warrior.

Vanquished Creatures
  Josephine (D)
  A centaur warrior (D)
  An orc high priest (D)
  2 orc knights (D)
  A spiny frog (D)
  A komodo dragon (D)
  A fire drake (D)
  4 wraiths (D)
  2 wolves (D)
  2 yaks (D)
  A soldier ant (D)
  A mottled dragon (D)
  A water moccasin (D)
  7 orc warriors (D)
  3 porcupines (D)
  A wasp (D)
  An ogre (D)
  A crocodile (D)
  4 giant frogs (D)
  2 orc priests (D)
  A jelly (D)
  3 orc wizards (D)
  A hound (D)
  2 iguanas (D)
  2 worker ants (D)
  An adder (D)
  2 river rats (D)
  An adder zombie (D)
  9 orcs (D)
  A bat skeleton (D)
  2 goblins (D)
  2 hobgoblins (D)
  A kobold (D)
  A quokka (D)
67 creatures vanquished.

Vanquished Creatures (collateral kills)
  A stone giant (D)
  3 death yaks (D)
  5 yaks (D)
9 creatures vanquished.

Grand Total: 76 creatures vanquished

Notes
Turn   | Place    | Note
--------------------------------------------------------------
     0 | D        | George the Troll Berserker began the quest for the Orb.
     0 | D        | Reached XP level 1. HP: 22/22 MP: 0/0
     7 | D        | Reached ** piety under Trog
    34 | D        | Noticed a hound
    34 | D        | Noticed a worker ant
    34 | D        | Noticed a worker ant
    36 | D        | Killed a worker ant
    36 | D        | Reached *** piety under Trog
    36 | D        | Reached skill level 4 in Unarmed Combat
    36 | D        | Reached XP level 2. HP: 30/32 MP: 1/1
    36 | D        | Reached XP level 3. HP: 36/39 MP: 2/2
    46 | D        | Killed a worker ant
    46 | D        | Reached skill level 5 in Unarmed Combat
    53 | D        | Killed a hound
    53 | D        | Reached XP level 4. HP: 35/49 MP: 3/3
    91 | D        | Found a glowing silver altar of Zin.
    91 | D        | Found a glowing golden altar of the Shining One.
    91 | D        | Found an ancient bone altar of Kikubaaqudgha.
    91 | D        | Found a basalt altar of Yredelemnul.
    91 | D        | Found a shimmering altar of Xom.
    91 | D        | Found a radiant altar of Vehumet.
    92 | D        | Found an iron altar of Okawaru.
    93 | D        | Found a burning altar of Makhleb.
    94 | D        | Found a deep blue altar of Sif Muna.
    95 | D        | Found a bloodstained altar of Trog.
    96 | D        | Found a sparkling altar of Nemelex Xobeh.
    97 | D        | Found a white marble altar of Elyvilon.
    98 | D        | Found a roughly hewn altar of Beogh.
    99 | D        | Found a viscous altar of Jiyva.
   100 | D        | Found a corrupted altar of Lugonu.
   101 | D        | Found a blossoming altar of Fedhas.
   102 | D        | Found a snail-covered altar of Cheibriados.
   103 | D        | Found a shadowy altar of Dithmenos.
   104 | D        | Found a stormy altar of Qazlal.
   105 | D        | Found an opulent altar of Gozag.
   106 | D        | Found a sacrificial altar of Ru.
   133 | D        | Noticed a wasp
   133 | D        | Noticed an ogre
   133 | D        | Noticed a jelly
   133 | D        | Noticed an iguana
   138 | D        | Reached **** piety under Trog
   139 | D        | Killed an iguana
   139 | D        | Reached skill level 5 in Fighting
   139 | D        | Reached skill level 5 in Dodging
   139 | D        | Reached skill level 6 in Unarmed Combat
   144 | D        | Killed a jelly
   144 | D        | Reached XP level 5. HP: 51/57 MP: 4/4
   148 | D        | Killed an ogre
   148 | D        | Reached skill level 7 in Unarmed Combat
   149 | D        | Paralysed by a wasp for 3 turns
   153 | D        | Killed a wasp
   153 | D        | Reached ***** piety under Trog
   153 | D        | Reached skill level 8 in Unarmed Combat
   153 | D        | Reached XP level 6. HP: 6/68 MP: 5/5
   264 | D        | Noticed a crocodile
   264 | D        | Noticed a centaur warrior
   264 | D        | Noticed an orc warrior
   264 | D        | Noticed a soldier ant
   264 | D        | Noticed a mottled dragon
   268 | D        | Killed a mottled dragon
   278 | D        | Killed a soldier ant
   278 | D        | Reached skill level 9 in Unarmed Combat
   278 | D        | Reached XP level 7. HP: 55/79 MP: 6/6
   284 | D        | Killed a centaur warrior
   284 | D        | Received a gift from Trog
   284 | D        | Reached skill level 10 in Unarmed Combat
   284 | D        | Reached XP level 8. HP: 38/92 MP: 7/7
   286 | D        | Killed an orc warrior
   286 | D        | Reached skill level 11 in Unarmed Combat
   294 | D        | Killed a crocodile
   517 | D        | Noticed a komodo dragon
   517 | D        | Noticed a giant frog
   517 | D        | Noticed a water moccasin
   517 | D        | Noticed a wolf
   521 | D        | Noticed a wolf
   523 | D        | Killed a wolf
   524 | D        | Noticed a fire drake
   524 | D        | Killed a water moccasin
   527 | D        | Noticed a porcupine
   528 | D        | Killed a giant frog
   528 | D        | Reached ****** piety under Trog
   528 | D        | Reached skill level 10 in Dodging
   534 | D        | Killed a komodo dragon
   534 | D        | Reached skill level 10 in Fighting
   537 | D        | Killed a wolf
   537 | D        | Received a gift from Trog
   537 | D        | Reached skill level 12 in Unarmed Combat
   537 | D        | Reached XP level 9. HP: 33/101 MP: 8/8
   540 | D        | Killed a fire drake
   542 | D        | Killed a porcupine
   732 | D        | Noticed a giant frog
   732 | D        | Noticed a yak
   732 | D        | Noticed a giant frog
   732 | D        | Noticed a porcupine
   732 | D        | Noticed an iguana
   732 | D        | Noticed a porcupine
   733 | D        | Noticed a spiny frog
   734 | D        | Killed a porcupine
   735 | D        | Killed an iguana
   737 | D        | Noticed a giant frog
   739 | D        | Noticed a yak
   740 | D        | Killed a porcupine
   743 | D        | Killed a giant frog
   743 | D        | Received a gift from Trog
   749 | D        | Killed a yak
   755 | D        | Killed a spiny frog
   756 | D        | Killed a giant frog
   761 | D        | Killed a giant frog
   761 | D        | Reached skill level 13 in Unarmed Combat
   764 | D        | Killed a yak
   844 | D        | Noticed a death yak
   844 | D        | Noticed a yak
   844 | D        | Noticed a yak
   844 | D        | Noticed a death yak
   844 | D        | Noticed a death yak
   844 | D        | Noticed a yak
   848 | D        | Killed a death yak
   849 | D        | Killed a yak
   851 | D        | Killed a death yak
   851 | D        | Received a gift from Trog
   851 | D        | Reached XP level 10. HP: 113/115 MP: 9/9
   852 | D        | Noticed a yak
   853 | D        | Killed a death yak
   854 | D        | Noticed a yak
   855 | D        | Killed a yak
   856 | D        | Killed a yak
   858 | D        | Killed a yak
   860 | D        | Killed a yak
   906 | D        | Noticed a wraith
   909 | D        | Noticed Josephine
   910 | D        | Noticed a wraith
   910 | D        | Killed a wraith
   911 | D        | Noticed a wraith
   912 | D        | Noticed a wraith
   917 | D        | Killed Josephine
   917 | D        | Received a gift from Trog
   917 | D        | Reached skill level 14 in Unarmed Combat
   924 | D        | Killed a wraith
   930 | D        | Killed a wraith
   932 | D        | Killed a wraith
   939 | D        | Got an ichor-stained giant club {god gift}
   940 | D        | Identified the +5 giant club of War {crush, rC++ rN+} (Trog gifted it to you in the Dungeon)
  1075 | D        | Noticed an orc priest
  1075 | D        | Noticed an orc wizard
  1075 | D        | Noticed an orc priest
  1083 | D        | Killed an orc priest
  1087 | D        | Killed an orc wizard
  1091 | D        | Killed an orc priest
  1092 | D        | Received a gift from Trog
  1093 | D        | Noticed an orc warrior
  1095 | D        | Noticed an orc wizard
  1098 | D        | Noticed a stone giant
  1099 | D        | Killed an orc warrior
  1109 | D        | Killed an orc wizard
  1114 | D        | Killed a stone giant
  1114 | D        | Received a gift from Trog
  1294 | D        | Noticed an orc warrior
  1294 | D        | Noticed an orc warrior
  1294 | D        | Noticed an orc wizard
  1294 | D        | Noticed an orc warrior
  1294 | D        | Noticed an orc high priest
  1294 | D        | Noticed an orc knight
  1296 | D        | Noticed an orc knight
  1297 | D        | Killed an orc knight
  1297 | D        | Received a gift from Trog
  1301 | D        | Noticed an orc warrior
  1303 | D        | Killed an orc high priest
  1303 | D        | Reached skill level 15 in Unarmed Combat
  1304 | D        | Noticed an orc warrior
  1308 | D        | Killed an orc warrior
  1308 | D        | Reached XP level 11. HP: 85/127 MP: 10/10
  1312 | D        | Killed an orc warrior
  1313 | D        | Noticed an orc warrior
  1317 | D        | Killed an orc knight
  1319 | D        | Noticed an orc knight
  1321 | D        | Killed an orc warrior
  1324 | D        | Killed an orc warrior
  1332 | D        | Killed an orc wizard
  1332 | D        | Received a gift from Trog
  1333 | D        | Killed an orc warrior
  1338 | D        | HP: 5/127 [orc knight/dire flail (5)]
  1339 | D        | HP: 1/127 [orc warrior/halberd (7)]
  1339 | D        | Mangled by an orc knight

Action                   |  1- 3 |  4- 6 |  7- 9 | 10-12 || total
-------------------------+-------+-------+-------+-------++-------
Melee: Unarmed           |    32 |    28 |    68 |    81 ||   209
Invok: Berserk           |       |     1 |       |     1 ||     2
       Brothers in Arms  |       |       |     1 |     1 ||     2
       Trog's Hand       |       |       |       |     1 ||     1
Evoke: Wand              |       |     1 |       |       ||     1
  Eat: Chunk             |     2 |     5 |     7 |     5 ||    19
